 Dungeon Crawl Stone Soup version 0.20-a0-16-g0876c8e (webtiles) character file.

53909 Khazard the Carver (level 14, 109/109 HPs)
             Began as a Demonspawn Wanderer on Nov 4, 2016.
             Was an Initiate of Gozag.
             Quit the game on level 6 of the Lair of Beasts.
             The game lasted 00:30:47 (14994 turns).

Khazard the Carver (Demonspawn Wanderer)           Turns: 14994, Time: 00:30:47

Health: 109/109    AC: 18    Str: 21    XL:     14   Next: 32%
Magic:  21/21      EV: 13    Int: 21    God:    Gozag
Gold:   2621       SH:  0    Dex: 12    Spells: 1 memorised, 19 levels left

rFire  + + .     SeeInvis .     a - +8 long sword "Peen" {flame, rN+}
rCold  + . .     Gourm    .     S - +0 fire dragon scales
rNeg   + . .     Faith    .     (no shield)
rPois  .         Spirit   +     (helmet unavailable)
rElec  .         Reflect  .     e - +0 cloak
rCorr  .         Harm     +     u - +0 pair of gloves
MR     ++...                    V - +1 pair of boots "Jommunkokeb" {Int+3}
Stlth  ..........               f - amulet of harm
                                J - ring of the Briny Deep {+Blink rC++ MR+ Int+4 Stlth-}
                                y - +3 ring of strength

@: no status effects
A: horns 3, thin metallic scales 1, powered by death 3, magic shield
a: Potion Petition, Call Merchant, Bribe Branch, Renounce Religion, Evoke Blink


You were on level 6 of the Lair of Beasts.
You worshipped Gozag.
Gozag was most pleased with you.
You were not hungry.

You visited 3 branches of the dungeon, and saw 18 of its levels.
You also visited: Labyrinth and Volcano.

You collected 4295 gold pieces.
You spent 825 gold pieces at shops.
You paid 849 gold pieces to Gozag.

Inventory:

Hand Weapons
 a - the +8 long sword "Peen" (weapon) {flame, rN+}
   (You found it on level 5 of the Dungeon)

   It has been specially enchanted to burn those struck by it, causing extra
   injury to most foes and up to half again as much damage against particularly
   susceptible opponents.
   Big, fiery blades are also staple armaments of hydra-hunters.
   It protects you from negative energy.
 b - a +2 quarterstaff of chaos
 n - a +0 great sword of electrocution
 T - a +1 lajatang of flaming
Armour
 e - a +0 cloak (worn)
 u - a +0 pair of gloves (worn)
 I - a +2 robe of fire resistance
 M - the +2 ring mail "Fenkay" {MR+}
   (You found it on level 9 of the Dungeon)

   It affects your resistance to hostile enchantments.
 S - +0 fire dragon scales (worn)
 V - the +1 pair of boots "Jommunkokeb" (worn) {Int+3}
   (You acquired it on level 6 of the Lair of Beasts)

   It affects your intelligence (+3).
Jewellery
 f - an amulet of harm (around neck)
 i - an uncursed ring of flight {unknown}
 y - a +3 ring of strength (left hand)
 J - the ring of the Briny Deep (right hand) {+Blink rC++ MR+ Int+4 Stlth-}
   (You bought it in a shop on level 5 of the Lair of Beasts)

   [ring of protection from magic]

   It affects your intelligence (+4).
   It greatly protects you from cold.
   It affects your resistance to hostile enchantments.
   It lets you blink.
   It makes you less stealthy.
Wands
 p - a wand of polymorph (4/24)
 s - a wand of disintegration (20/24)
 v - a wand of acid (5/15)
 C - a wand of hasting (2/9)
 E - a wand of heal wounds (3/9)
 X - a wand of disintegration (4/24)
Scrolls
 c - 6 scrolls of teleportation
 g - 3 scrolls of magic mapping
 k - 2 scrolls of enchant weapon
 l - 3 scrolls of amnesia
 q - 2 scrolls of fog
 r - a scroll of identify
 G - 2 scrolls of fear
 H - a scroll of enchant armour
 K - 5 scrolls of recharging
 L - 3 scrolls of remove curse
Potions
 j - 7 potions of curing
 t - 2 potions of resistance
 w - a potion of ambrosia
 z - a potion of cure mutation
 D - 2 potions of agility
 N - 2 potions of brilliance
Books
 d - a book of Debilitation

   Spells                             Type                      Level
   a - Corona                         Hexes                        1
   b - Slow                           Hexes                        2
   c - Gell's Gravitas                Hexes/Translocation          3
   d - Inner Flame                    Hexes/Fire                   3
   e - Cause Fear                     Hexes                        4
   f - Leda's Liquefaction            Hexes/Earth                  4
 o - a book of Party Tricks

   Spells                             Type                      Level
   a - Summon Butterflies             Summoning                    1
   b - Apportation                    Translocation                1
   c - Lesser Beckoning               Translocation                3
   d - Tukima's Dance                 Hexes                        3
   e - Alistair's Intoxication        Transmutation/Poison         5
   f - Invisibility                   Hexes                        6
 F - a book of Misfortune

   Spells                             Type                      Level
   a - Confusing Touch                Hexes                        1
   b - Confuse                        Hexes                        3
   c - Gell's Gravitas                Hexes/Translocation          3
   d - Petrify                        Transmutation/Earth          4
   e - Metabolic Englaciation         Hexes/Ice                    5
   f - Yara's Violent Unravelling     Hexes/Transmutation          5
 O - a book of Cantrips

   Spells                             Type                      Level
   a - Confusing Touch                Hexes                        1
   b - Animate Skeleton               Necromancy                   1
   c - Summon Small Mammal            Summoning                    1
   d - Apportation                    Translocation                1
 Q - a book of Maledictions

   Spells                             Type                      Level
   a - Corona                         Hexes                        1
   b - Ensorcelled Hibernation        Hexes/Ice                    2
   c - Confuse                        Hexes                        3
   d - Tukima's Dance                 Hexes                        3
   e - Dazzling Spray                 Conjuration/Hexes            3
 U - a book of Frost

   Spells                             Type                      Level
   a - Freeze                         Ice                          1
   b - Throw Frost                    Conjuration/Ice              2
   c - Ozocubu's Armour               Charms/Ice                   3
   d - Throw Icicle                   Conjuration/Ice              4
   e - Summon Ice Beast               Ice/Summoning                4
 Y - a book of Battle

   Spells                             Type                      Level
   a - Infusion                       Charms                       1
   b - Shroud of Golubria             Charms/Translocation         2
   c - Song of Slaying                Charms                       2
   d - Spectral Weapon                Hexes/Charms                 3
   e - Regeneration                   Charms/Necromancy            3
 Z - the Incunabulum of Earth
   (You found it on level 1 of the Lair of Beasts)

   Spells                             Type                      Level
   a - Sandblast                      Earth                        1
   b - Passwall                       Transmutation/Earth          2
   c - Iron Shot                      Conjuration/Earth            6
   d - Shatter                        Earth                        9
Miscellaneous
 h - a fan of gales
 m - a phial of floods
Comestibles
 x - 2 meat rations
 A - 27 fruits
 B - 23 royal jellies
 P - 2 beef jerkies
 R - 7 bread rations
 W - a slice of pizza


   Skills:
 + Level 9.8 Fighting
 * Level 14.7 Long Blades
   Level 1.7 Maces & Flails
   Level 6.8 Polearms
   Level 1.0 Crossbows
 - Level 1.7 Throwing
 + Level 9.3 Armour
 + Level 7.6 Dodging
 - Level 4.9 Spellcasting
 - Level 4.7 Hexes
 - Level 3.6 Charms


You had 19 spell levels left.
You knew the following spells:

 Your Spells              Type           Power        Failure   Level  Hunger
z - Spectral Weapon       Hex/Chrm       ###.....     21%         3    ##.....


Dungeon Overview and Level Annotations

Branches:
Dungeon (11/15)            Temple (1/1) D:7            Lair (6/6) D:11
 Shoals (0/4) Lair:2        Snake (0/4) Lair:2        Slime (0/5) Lair:5
    Orc: D:9-12

Altars:
Ashenzari
Cheibriados
Dithmenos
Fedhas
Gozag
Kikubaaqudgha
Makhleb
Okawaru
Trog
Uskayaw
Vehumet
Xom
Yredelemnul
Zin
Jiyva

Shops:
Lair:5 =

Annotations:
Lair:4 exclusion: oklob plant


Innate Abilities, Weirdness & Mutations

You have a pair of large horns on your head.
You are partially covered in thin metallic scales. (AC +2)
You regenerate a lot of health from kills.
When hurt, damage is shared between your health and your magic reserves.


Message History

(D) Dungeon (T) Temple (L) Lair (A) Shoals (P) Snake Pit (M) Slime Pits
Where to? (Enter - Lair:6 @ (x,y), ? - help) You're already here!
Unknown command.
(D) Dungeon (T) Temple (L) Lair (A) Shoals (P) Snake Pit (M) Slime Pits
Where to? (Enter - Lair:6, ? - help) You're already here!
Unknown command.
Unknown command.
Unknown command.
Unknown command.
There is a stone staircase leading up here.
Casting: Spectral Weapon
Confirm with . or Enter, or press ? or * to list all spells.
Okay, then.
Unknown command.
Okay, then.
Are you sure you want to abandon this character and quit the game? (Confirm with "yes".)

......#...................#
......#...................#
........................###
.............####......##
....P.#......###./.....###
.........................#
...#..#..................#
....##≈........P.[......##
...#≈≈..........@........#
...≈≈≈P.≈≈≈.≈≈..........##
##≈≈##≈≈##≈≈##≈......####
##≈≈≈#≈≈#≈≈≈≈#≈.......#
P≈≈≈P≈≈≈≈≈≈≈≈≈.......####
#≈≈≈≈≈≈≈≈≈≈≈P≈..........##
.#.########≈#≈.......#.#.#
#
≈≈≈≈≈8#8≈≈#≈≈#≈........###
# ≈≈≈≈≈≈#≈≈≈≈≈≈≈≈........#
#


There were no monsters in sight!

Vanquished Creatures
  Gastronok (D:9)
  A red draconian (Volcano)
  The ghost of Slowdrip the Grappler, a journeyman TrGl of Okawaru (Lair:3)
  A minotaur (Lab)
  8 hydras
  A merfolk avatar (Lair:6)
  The ghost of Zorot the Cleaver, a novice MiFi of Okawaru (D:9)
  An ogre mage (Volcano)
  2 hill giants
  2 harpies (Lair:6)
  A manticore (Lair:6)
  A deep elf mage (D:10)
  Maurice (D:8)
  2 guardian serpents
  3 black mambas
  11 elephants (Lair:6)
  A centaur zombie (D:11)
  A molten gargoyle (Volcano)
  Psyche (D:8)
  9 spiny frogs
  3 torpor snails (Lair:5)
  3 rime drakes (Lair:6)
  12 komodo dragons
  3 meliai (Lair:6)
  A queen bee (Lair:6)
  A troll (D:10)
  A polar bear (Lair:6)
  4 hornets
  7 two-headed ogres
  A wind drake (Lair:6)
  Grinder (D:6)
  20 blink frogs
  4 hippogriffs
  4 dream sheep (Lair:5)
  A snapping turtle (Lair:2)
  Sigmund (D:3)
  34 yaks
  5 wyverns
  A water elemental (D:11)
  10 fire bats
  3 hungry ghosts
  2 soldier ants (D:9)
  12 water moccasins
  2 phantoms
  4 porcupines
  4 orc warriors
  2 ice beasts
  2 black bears
  3 ogres
  A sky beast (D:9)
  6 wolves
  9 centaurs
  11 crocodiles
  A big kobold (D:8)
  10 bullfrogs
  3 scorpions
  23 killer bees
  2 electric eels
  9 wights
  4 howler monkeys
  3 crimson imps
  A bullfrog zombie (D:10)
  5 lava snakes (Volcano)
  A jelly (D:5)
  A quasit (D:7)
  5 hounds
  5 orc priests
  2 centaur skeletons
  A bullfrog skeleton (D:7)
  Crazy Yiuf (D:2)
  Natasha (twice) (D:3)
  An iguana (D:10)
  11 orc wizards
  4 worker ants
  Robin (D:4)
  2 worker ant zombies (D:6)
  3 gnolls (D:6)
  11 adders
  A river rat (D:11)
  A shadow imp (D:7)
  An ooze (D:5)
  2 adder skeletons
  An adder zombie (D:5)
  2 dart slugs
  3 leopard geckos
  32 orcs
  7 ball pythons (D:2)
  14 bats
  4 giant cockroaches
  3 goblins
  12 hobgoblins
  2 jackals (D:9)
  5 quokkas
  3 frilled lizards
  5 kobolds
  16 rats
  A butterfly (Lair:5)
  A fungus (D:11)
456 creatures vanquished.

Vanquished Creatures (others)
  A fungus (D:2)
  13 plants
  2 spectral weapons (Volcano)
16 creatures vanquished.

Grand Total: 472 creatures vanquished

Notes
Turn   | Place    | Note
-------+----------+-------------------------------------------
     0 | D:1      | Khazard the Demonspawn Wanderer began the quest for the Orb.
     0 | D:1      | Khazard set off with: a +2 scale mail, a potion of lignification, a scroll of teleportation, a +0 club, a bread ration
     0 | D:1      | Reached XP level 1. HP: 13/13 MP: 4/4
   309 | D:1      | Reached skill level 1 in Maces & Flails
   565 | D:1      | Gained mutation: You regenerate a little health from kills. [demonic ancestry]
   565 | D:1      | Reached XP level 2. HP: 19/19 MP: 6/6
  1208 | D:1      | Reached skill level 1 in Polearms
  1371 | D:2      | Gained mutation: When hurt, damage is shared between your health and your magic reserves. [demonic ancestry]
  1371 | D:2      | Reached XP level 3. HP: 12/24 MP: 7/7
  1964 | D:2      | Found a runed door.
  2149 | D:2      | Noticed Crazy Yiuf
  2288 | D:2      | Killed Crazy Yiuf
  2288 | D:2      | Gained mutation: You have a pair of small horns on your head. [demonic ancestry]
  2288 | D:2      | Reached XP level 4. HP: 30/30 MP: 8/8
  2586 | D:3      | Noticed Natasha
  2595 | D:3      | Killed Natasha
  2712 | D:3      | Noticed Sigmund
  2723 | D:3      | Killed Sigmund
  2723 | D:3      | Reached skill level 5 in Polearms
  2723 | D:3      | Gained mutation: You have a pair of horns on your head. [demonic ancestry]
  2723 | D:3      | Reached XP level 5. HP: 26/35 MP: 6/9
  2723 | D:3      | Gained mutation: You have a pair of large horns on your head. [demonic ancestry]
  2723 | D:3      | Reached XP level 6. HP: 30/41 MP: 6/10
  2827 | D:3      | Noticed Natasha
  2832 | D:3      | Killed Natasha
  3461 | D:4      | Noticed Robin
  3473 | D:4      | Killed Robin
  3693 | D:4      | Reached XP level 7. HP: 40/46 MP: 9/11
  3943 | D:5      | Entered Level 5 of the Dungeon
  4137 | D:5      | Found an iron altar of Okawaru.
  4152 | D:5      | Got an encrusted long sword
  4153 | D:5      | Identified the +8 long sword "Peen" {flame, rN+} (You found it on level 5 of the Dungeon)
  4181 | D:5      | Reached skill level 1 in Long Blades
  4230 | D:5      | Reached skill level 2 in Long Blades
  4313 | D:5      | Reached skill level 3 in Long Blades
  4409 | D:5      | Reached skill level 4 in Long Blades
  4409 | D:5      | Gained mutation: You are partially covered in thin metallic scales. (AC +2) [demonic ancestry]
  4409 | D:5      | Reached XP level 8. HP: 20/52 MP: 5/12
  4607 | D:6      | Noticed Grinder
  4616 | D:6      | Paralysed by Grinder for 5 turns
  4623 | D:6      | Killed Grinder
  4623 | D:6      | Reached skill level 5 in Long Blades
  4676 | D:6      | Found a shimmering altar of Xom.
  4678 | D:6      | Found a shimmering altar of Xom.
  4684 | D:6      | Found a shimmering altar of Xom.
  4685 | D:6      | Found a shimmering altar of Xom.
  4883 | D:6      | Reached skill level 6 in Long Blades
  5231 | D:6      | Reached skill level 1 in Fighting
  5335 | D:7      | Reached skill level 7 in Long Blades
  5488 | D:7      | Reached XP level 9. HP: 59/59 MP: 13/13
  5724 | D:7      | Found a staircase to the Ecumenical Temple.
  5742 | Temple   | Entered the Ecumenical Temple
  5777 | Temple   | Became a worshipper of Gozag Ym Sagoz the Greedy
  5842 | D:7      | Found an iron altar of Okawaru.
  5962 | D:7      | Reached skill level 8 in Long Blades
  6169 | D:8      | Noticed Psyche
  6176 | D:8      | Killed Psyche
  6200 | D:8      | Reached skill level 9 in Long Blades
  6566 | D:8      | Noticed Maurice
  6571 | D:8      | Killed Maurice
  6571 | D:8      | Reached skill level 1 in Dodging
  7067 | D:8      | Gained mutation: You regenerate health from kills. [demonic ancestry]
  7067 | D:8      | Reached XP level 10. HP: 60/70 MP: 10/14
  7297 | D:9      | Noticed Zorot's ghost (novice MiFi)
  7351 | D:9      | Killed Zorot's ghost
  7351 | D:9      | Reached skill level 10 in Long Blades
  7435 | D:9      | Got a fine ring mail
  7446 | D:9      | Identified the +2 ring mail "Fenkay" {MR+} (You found it on level 9 of the Dungeon)
  7446 | D:9      | Noticed Gastronok
  7463 | D:9      | Killed Gastronok
  7463 | D:9      | Reached skill level 5 in Armour
  7497 | D:9      | Reached skill level 5 in Fighting
  7611 | D:9      | Noticed a guardian serpent
  7616 | D:9      | Killed a guardian serpent
  7736 | D:9      | Reached skill level 11 in Long Blades
  7736 | D:9      | Reached XP level 11. HP: 79/79 MP: 15/15
  7963 | D:10     | Entered Level 10 of the Dungeon
  8348 | D:10     | Noticed a deep elf mage
  8356 | D:10     | Killed a deep elf mage
  8833 | D:10     | Noticed a hill giant
  8846 | D:10     | Killed a hill giant
  8957 | D:11     | Noticed a hill giant
  8964 | D:11     | Killed a hill giant
  9016 | D:11     | Found a staircase to the Lair.
  9216 | Lair:1   | Entered Level 1 of the Lair of Beasts
  9249 | Lair:1   | Noticed a four-headed hydra
  9258 | Lair:1   | Killed a one-headed hydra
  9265 | Lair:1   | Reached skill level 12 in Long Blades
  9399 | Lair:1   | Learned a level 3 spell: Spectral Weapon
  9587 | Lair:1   | Gained mutation: You regenerate a lot of health from kills. [demonic ancestry]
  9587 | Lair:1   | Reached XP level 12. HP: 73/91 MP: 11/16
  9588 | Lair:1   | Reached skill level 1 in Charms
  9607 | Lair:1   | Identified the Incunabulum of Earth
  9699 | Lair:1   | Noticed a seven-headed hydra
  9707 | Lair:1   | Killed a two-headed hydra
  9998 | Lair:1   | Identified a scroll of acquirement
 10047 | Lair:2   | Found a labyrinth entrance.
 10052 | Lab      | Entered a labyrinth
 10106 | Lab      | Noticed a minotaur
 10111 | Lab      | Killed a minotaur
 10130 | Lab      | Got a translucent copper amulet
 10133 | Lab      | Identified the amulet "Zaiga" {Spirit -Tele rN+++ Int-4 Stlth+} (You found it in a labyrinth)
 10195 | Lair:2   | Noticed an eight-headed hydra
 10203 | Lair:2   | Killed a four-headed hydra
 10249 | Lair:2   | Found a dark tunnel.
 10289 | Volcano  | Entered a volcano
 10395 | Volcano  | Found a radiant altar of Vehumet.
 10395 | Volcano  | Noticed an ogre mage
 10429 | Volcano  | Killed an ogre mage
 10441 | Volcano  | Noticed a red draconian
 10452 | Volcano  | Killed a red draconian
 10909 | Lair:2   | Reached skill level 5 in Dodging
 11097 | Lair:2   | Found a staircase to the Snake Pit.
 11218 | Lair:2   | Found a staircase to the Shoals.
 11515 | Lair:3   | Reached skill level 13 in Long Blades
 11571 | Lair:3   | Reached XP level 13. HP: 98/98 MP: 20/20
 11583 | Lair:3   | Noticed Slowdrip's ghost (journeyman TrGl)
 11600 | Lair:3   | Killed Slowdrip's ghost
 12917 | Lair:4   | Found a blossoming altar of Fedhas.
 13263 | Lair:5   | Found a viscous altar of Jiyva.
 13263 | Lair:5   | Found a staircase to the Slime Pits.
 13589 | Lair:5   | Bought the ring of the Briny Deep {+Blink rC++ MR+ Int+4 Stlth-} for 825 gold pieces
 13593 | Lair:6   | Entered Level 6 of the Lair of Beasts
 13771 | Lair:6   | Got a translucent leather armour
 13772 | Lair:6   | Identified the +0 leather armour of Sin {rF+ Int+2} (You found it on level 6 of the Lair of Beasts)
 13784 | Lair:6   | Reached skill level 14 in Long Blades
 14181 | Lair:6   | Reached XP level 14. HP: 93/108 MP: 15/21
 14244 | Lair:6   | Got a pair of slimy boots
 14259 | Lair:6   | Identified the +1 pair of boots "Jommunkokeb" {Int+3} (You acquired it on level 6 of the Lair of Beasts)
 14994 | Lair:6   | Quit the game

Vault maps used:
D:1:      matt_arrival_spirals
D:2:      minmay_shallow_snake_nest, uniq_crazy_yiuf_cottage
D:3:      first_bread, uniq_sigmund, uniq_natasha
D:4:      uniq_robin
D:5:      basic_altar, corexii_corridor_pit, kennysheep_small_spiral,
          kennysheep_generic_room_11
D:6:      xom_redecorated, grunt_ministairs_11, uniq_grinder
D:7:      okawaru_metal_pillars_1_2
D:8:      mumra_celtic_spiral_tile, uniq_maurice, uniq_psyche
D:9:      hangedman_pestilent_swarm, nrook_guardian_serpent_ordinary,
          uniq_gastronok
D:11:     grunt_lair_entry_orc_guard_hut, erik_orc_2
Temple:   regret_index_temple_chain_breaker
Lair:2:   minmay_shoals_entry_hut, minmay_snake_entry_spellcaster,
          lab_entry_generic, nicolae_volcano_entry_batcave, minivault_19,
          st_stairs_5
Lair:3:   minivault_19, serial_bayou_shore_a, lemuel_fruit_tree
Lair:4:   tgw_fedhas
Lair:5:   dpeg_slime_entry_enclosed_altar, lemuel_fruit_fields
Lair:6:   gammafunk_lair_ancient_temple, special_room
Lab:      labyrinth_mini_lab, labyrinth_glass_1, nicolae_lab_lava,
          nicolae_lab_stuck, lab_fountain, nicolae_lab_hexagon,
          nicolae_lab_do_over, nicolae_lab_diamond, nicolae_lab_checkerboard,
          labyrinth_fake_exit
Volcano:  volcano_grotto

Skill      XL: |  1  2  3  4  5  6  7  8  9 10 11 12 13 14 |
---------------+-------------------------------------------+-----
Maces & Flails | 1 |  1.7
Polearms       | 1 2 5 6 |  6.8
Long Blades    | 4 7 9 11 12 13 14 | 14.7
Armour         | 2 3 5 6 7 8 9 |  9.3
Fighting       | 1 3 5 7 9 |  9.8
Dodging        | 1 3 4 5 7 |  7.6
Charms         | 3 |  3.6
Hexes          | 4 |  4.7
Spellcasting   | 4 |  4.9
Crossbows      | |  1.0
Throwing       | |  1.7

Action                   |  1- 3 |  4- 6 |  7- 9 | 10-12 | 13-15 || total
-------------------------+-------+-------+-------+-------+-------++-------
Melee: Club              |    66 |       |       |       |       ||    66
       Spear             |   128 |   135 |    32 |       |       ||   295
       Unarmed           |     3 |       |       |       |       ||     3
       Headbutt          |       |    19 |    28 |   104 |    89 ||   240
       Long sword        |       |       |   189 |   447 |   435 ||  1071
 Cast: Spectral Weapon   |       |       |       |     6 |       ||     6
Invok: Call Merchant     |       |       |       |       |     1 ||     1
       Potion Petition   |       |       |       |       |     1 ||     1
Evoke: Wand              |       |       |       |     7 |     5 ||    12
  Use: Scroll            |     7 |     1 |     6 |    12 |     5 ||    31
       Potion            |     3 |       |     5 |     2 |     1 ||    11
 Stab: Distracted        |       |       |     1 |     3 |     4 ||     8
       Invisible         |       |       |       |       |     1 ||     1
  Eat: Chunk             |     1 |     4 |     1 |       |       ||     6
       Bread ration      |     1 |       |     1 |     1 |       ||     3
       Meat ration       |       |       |     1 |     4 |     2 ||     7
       Fruit             |       |       |       |     1 |       ||     1
Armor: Scale mail        |    87 |    40 |    97 |       |       ||   224
       Skin              |     2 |       |       |       |       ||     2
       Ring mail         |       |       |    37 |   136 |       ||   173
       Fire dragon scale |       |       |       |    29 |   220 ||   249
       Robe              |       |       |       |    20 |       ||    20
Dodge: Dodged            |    84 |    43 |   117 |   270 |   278 ||   792
       Rpst.: Long sword |       |       |    32 |    72 |    72 ||   176
